 Dungeon Crawl Stone Soup version 0.26-a0-812-g31a745ddcd (webtiles) character file.

Game seed: 8748106431849050311

1 vurker the Sneak (level 1, -2/13 HPs)
             Began as a Gnoll Enchanter on Dec 3, 2020.
             Slain by a leopard gecko (3 damage)
             ... on level 1 of the Dungeon.
             The game lasted 00:00:11 (64 turns).

vurker the Sneak (Gnoll Enchanter)                    Turns: 64, Time: 00:00:12

Health: -2/13      AC:  2    Str: 10    XL:     1   Next: 20%
Magic:  6/6        EV: 14    Int: 17    God:
Gold:   25         SH:  0    Dex: 15    Spells: 8/9 levels left

rFire    . . .     SeeInvis .   a - +1 dagger
rCold    . . .     Faith    .   (no shield)
rNeg     . . .     Spirit   .   b - +0 robe
rPois    .         Reflect  .   (no helmet)
rElec    .         Harm     .   (no cloak)
rCorr    .         Rampage  .   (no gloves)
MR       .....                  (no boots)
Stlth    +++.......             (no amulet)
HPRegen  0.04/turn              (no ring)
MPRegen  0.10/turn              (no ring)

@: no status effects
A: distributed training, fangs 1, strong nose
a: no special abilities


You were on level 1 of the Dungeon.
You visited 1 branch of the dungeon, and saw 1 of its levels.

You collected 25 gold pieces.

Inventory:

Hand Weapons
 a - a +1 dagger (weapon)
Armour
 b - a +0 robe (worn)


   Skills:
 + Level 0.0 Fighting
 + Level 2.3 Short Blades
 + Level 0.0 Long Blades
 + Level 0.0 Axes
 + Level 0.0 Maces & Flails
 + Level 0.0 Polearms
 + Level 0.0 Staves
 + Level 0.0 Slings
 + Level 0.0 Bows
 + Level 0.0 Crossbows
 + Level 0.0 Throwing
 + Level 0.0 Armour
 + Level 4.4 Dodging
 + Level 5.8 Stealth
 + Level 0.0 Shields
 + Level 0.0 Unarmed Combat
 + Level 4.8 Spellcasting
 + Level 0.0 Conjurations
 + Level 5.3 Hexes
 + Level 0.0 Summonings
 + Level 0.0 Necromancy
 + Level 0.0 Translocations
 + Level 0.0 Transmutations
 + Level 0.0 Fire Magic
 + Level 0.0 Ice Magic
 + Level 0.0 Air Magic
 + Level 0.0 Earth Magic
 + Level 0.0 Poison Magic
 + Level 0.0 Invocations
 + Level 0.0 Evocations


You had 8 spell levels left.
You knew the following spells:

 Your Spells              Type           Power        Failure   Level
a - Corona                Hex            ###....      1%          1

Your spell library contained the following spells:

 Spells                   Type           Power        Failure   Level
 Confusing Touch          Hex            ###.....     4%          3
 Tukima's Dance           Hex            ###.....     4%          3
 Ensorcelled Hibernation  Hex/Ice        ##....       8%          2
 Dazzling Flash           Conj/Hex       ##....       14%         3


Dungeon Overview and Level Annotations

Branches:
Dungeon (1/15)

Altars:


Innate Abilities, Weirdness & Mutations

Your experience applies equally to all skills.
You have very sharp teeth.
Your uncanny sense of smell can sniff out nearby items.


Message History

The goblin is wielding a +1 dagger of venom.
There are monsters nearby!
There are monsters nearby!
A goblin comes into view. It is wielding a +0 club.
Found a dagger.
Found 23 stones.
A leopard gecko and a rat come into view.
Found a spear and 17 gold pieces.
A kobold comes into view.
The bat hits you but does no damage. The bat closely misses you.
Found 19 stones and a robe.
The bat closely misses you.
Unknown command.
You miss the bat. Your bite misses the bat.
The kobold shouts!
The leopard gecko hisses angrily.
The bat hits you but does no damage.
A kobold comes into view. It is wielding a +0 club.
The bat completely misses you. The goblin closely misses you.
The bat misses you. The bat misses you. The bat closely misses you.
The goblin shouts!
The bat misses you.
The leopard gecko hisses menacingly.
The bat hits you but does no damage.
You hit the goblin.
You kill the goblin!
The bat closely misses you. The kobold misses you. The bat misses you.
You see here a +0 club.
You closely miss the kobold. The bat barely misses you.
The kobold closely misses you.
You hit the kobold. The leopard gecko closely misses you.
The kobold hits you but does no damage.
You hit the kobold but do no damage. Your bite misses the kobold.
The leopard gecko barely misses you. The rat bites you.
The kobold hits you but does no damage.
You miss the kobold. The leopard gecko bites you.
The rat completely misses you.
You hit the kobold but do no damage. The kobold barely misses you.
The leopard gecko bites you.
* * * LOW HITPOINT WARNING * * *
The rat bites you.
* * * LOW HITPOINT WARNING * * *
You hit the rat. The leopard gecko bites you.
* * * LOW HITPOINT WARNING * * *
The kobold misses you.
You closely miss the rat. Your bite misses the rat.
The rat bites you but does no damage. The leopard gecko bites you.
You die...

####### #....>## ##......K...#
..###..## #.....)$.....
........###########..........[.
#.#..##..........##............
#.##..#####..###.. ...K.......#
#.###.........# #........(# #.#
#######...########......... #.#
##...r@Kb.......).... #.#
###.##l........#...# #.#
#...g..........# . #.#
...........##..(..#
#####......# ##.... #.......#
.##. #####.#.# ∆# ..#.#


You could see a leopard gecko, a goblin, a bat, a kobold and a rat.

Vanquished Creatures
  A goblin (D:1)
1 creature vanquished.

Notes
Turn   | Place    | Note
-------+----------+-------------------------------------------
     0 | D:1      | vurker the Gnoll Enchanter began the quest for the Orb.
     0 | D:1      | Reached XP level 1. HP: 13/13 MP: 6/6
    64 | D:1      | Slain by a leopard gecko

Illustrated notes

Levels and vault maps discovered:
D:1:      dpeg_arrival_rooms_c, layout_rooms

Action                   || total
-------------------------++-------
Melee: Dagger            ||     9
Armor: Robe              ||     6
Dodge: Dodged            ||    18

Table legend: (Time is in decaauts)
 A = Elapsed time spent in this place.
 B = Non-inter-level travel time spent in this place.
 C = Inter-level travel time spent in this place.
 D = Time resting spent in this place.
 E = Time spent auto-exploring this place.
 F = Levels seen in this place.
 G = Mean time per level.
                   A        B        C        D        E       F      G
               +--------+--------+--------+--------+--------+-----+--------+
         Total |     63 |     63 |      0 |      0 |     36 |   1 |   63.0 |
       Dungeon |     63 |     63 |      0 |      0 |     36 |   1 |   63.0 |
               +--------+--------+--------+--------+--------+-----+--------+

Top non-repeatable levels by time:
     D:1: 63 daAuts
